Map: Temple of the Past

Players

Yuriprime

  • Race: Zerg Zerg
  • Spawn Location: 0:00

LilArrin

  • Race: Terran Terran
  • Spawn Location: 0:00

VOD

Have the link to the VOD?

Description

Time

  • Played on: Oct. 29, 2017, 12:49 a.m.
  • Length: 26:28
Show
View Real Time Build Order
Export as new Build Order

Yuriprime Zerg 

Build Orders:  

Get SALT Encoding   

  12  0:04  Drone  
  13  0:18  Overlord  
  13  0:25  Drone  
  14  0:46  Drone x3  
  17  1:00  Roach Warren  
  17  1:03  Drone  
  17  1:13  Drone  
  17  1:14  Extractor  
  17  1:32  Roach  
  17  1:37  Roach  
  21  2:00  Overlord  
  21  2:03  Drone  
  21  2:07  Drone, Extractor  
  22  2:32  Roach  
  22  2:35  Lair  
  22  2:36  Drone  
  25  3:03  Drone x4  
  25  3:05  Drone  
  30  3:33  Roach  
  30  3:44  Overlord  
  30  3:48  Spire  
  29  3:55  Brutalisk  
  29  4:11  Drone  
  29  4:12  Drone x3  
  29  4:15  Evolution Chamber  
  29  4:16  Evolution Chamber  
  31  4:24  Mutalisk  
  33  4:47  Mutalisk x2  
  37  4:50  Drone  
  38  5:25  Spore Crawler  
  38  5:26  Spore Crawler  
  38  5:28  Spore Crawler  
  35  5:30  Spore Crawler  
  35  5:31  Spore Crawler  
  33  5:40  Roach  
  33  6:02  Brutalisk  
  33  6:39  Roach  
  33  7:01  Brutalisk  
  33  7:42  Drone  
  33  7:43  Drone x4  
  38  7:53  Bio-Mechanical Transfusion  
  38  8:02  Incubation Chamber  
  38  8:05  Overlord x3  
  38  8:06  Overlord  
  38  8:34  Zerg Missile Weapons Level 1  
  38  8:44  Zerg Ground Armor Level 1  
  38  8:47  Spine Crawler x2  
  36  8:50  Spine Crawler  
  35  9:07  Drone  
  35  9:08  Drone x8  
  44  9:11  Zerg Flyer Weapons Level 1  
  44  10:34  Mutalisk x3  
  44  10:48  Hatchery  
  43  10:54  Drone  
  43  10:55  Drone x8  
  52  11:02  Leviathan x3  
  52  11:33  Drone  
  52  11:34  Drone x4  
  52  11:38  Extractor x2  
  55  11:41  Zerg Flyer Weapons Level 2  
  55  11:54  Mutalisk x4  
  63  12:39  Zerg Ground Armor Level 2, Zerg Missile Weapons Level 2  
  63  13:26  Drone  
  63  13:27  Drone x5  
  63  13:28  Infestation Pit, Drone x3  
  71  13:54  Rapid Regeneration  
  71  14:19  Hive  
  71  14:29  Mutalisk  
  73  14:30  Mutalisk  
  73  14:31  Overlord x3  
  73  14:32  Overlord x10  
  73  14:36  Vicious Glave  
  75  14:58  Mutalisk  
  75  14:59  Mutalisk x6  
  89  16:04  Zerg Missile Weapons Level 3  
  89  16:05  Zerg Ground Armor Level 3  
  89  16:26  Sundering Glave  
  89  17:46  Mutalisk x3  
  89  17:48  Overlord x3  
  89  17:49  Overlord  
  108  17:50  Zerg Flyer Weapons Level 3  
  95  18:46  Mutalisk x3  
  101  19:43  Mutalisk  
  101  19:44  Mutalisk x4  
  111  20:17  Mutalisk  
  111  20:18  Mutalisk  
  115  20:23  Zerg Flyer Armor Level 1  
  115  20:40  Mutalisk x2  
  119  21:05  Mutalisk x2  
  123  22:19  Mutalisk x4  
  131  22:20  Mutalisk  
  133  22:47  Zerg Flyer Armor Level 2  
  133  23:22  Mutalisk  
  133  23:23  Mutalisk x2  
  139  24:07  Mutalisk  
  139  24:08  Mutalisk x2  
Show
View Real Time Build Order
Export as new Build Order

LilArrin Terran 

Build Orders:  

Get SALT Encoding   

  12  0:03  SCV  
  13  0:20  SCV  
  14  0:35  Supply Depot  
  14  0:37  SCV  
  15  0:54  SCV  
  16  1:10  SCV  
  17  1:26  Command Center  
  17  1:31  SCV  
  18  1:48  SCV  
  18  1:49  Barracks  
  19  2:02  Refinery  
  19  2:05  SCV  
  20  2:22  Orbital Command  
  20  2:40  Barracks  
  20  2:41  Refinery  
  20  2:48  Barracks Tech Lab  
  20  2:58  SCV  
  21  3:00  Combat Shields  
  21  3:06  Orbital Command  
  21  3:14  Barracks Reactor, Marine  
  21  3:19  SCV  
  23  3:25  Marine  
  24  3:35  Supply Depot  
  24  3:36  Marine, SCV  
  26  3:42  SCV  
  26  3:48  Marine  
  27  3:54  SCV  
  27  3:58  Marine  
  29  4:09  Marine  
  26  4:10  Medic, Marine, SCV  
  30  4:19  Marine  
  35  4:24  Medic, Marine  
  39  4:30  Marine  
  39  4:35  Supply Depot  
  39  4:38  Marine  
  40  4:41  Marine  
  40  4:42  Marine  
  40  4:48  Marine  
  42  4:52  Marine  
  43  5:00  Supply Depot  
  43  5:12  Marine  
  43  5:13  Marine x2  
  46  5:23  Marine x3  
  49  5:33  Medic, Marine  
  49  5:38  Marine  
  55  5:50  Supply Depot  
  55  5:59  Marine x3  
  56  6:06  Supply Depot  
  56  6:09  Marine x3  
  56  6:19  Marine x3  
  62  6:30  Marine x3  
  65  6:40  Marine x3  
  65  6:50  Medic, Marine x2  
  69  7:00  Medic, Marine x2  
  73  7:10  Marine x2  
  75  7:27  Marine  
  75  7:28  Marine x2  
  78  7:50  Command Center  
  78  7:55  Orbital Command, Factory  
  78  7:59  Factory  
  78  8:17  Supply Depot  
  78  8:20  SCV  
  79  8:30  SCV  
  80  8:41  Marine  
  80  8:42  Stabilizer Medpacks  
  80  8:44  Command Center  
  81  8:57  Factory Tech Lab  
  81  8:59  Command Center  
  81  9:00  Factory Reactor  
  81  9:09  SCV  
  82  9:21  Engineering Bay  
  82  9:23  Armory  
  82  9:24  Engineering Bay  
  82  9:29  Replenishable Magazine  
  82  9:30  Vulture  
  84  9:44  Vulture  
  84  9:45  Marine  
  87  9:50  Orbital Command  
  87  9:52  SCV  
  87  9:53  SCV  
  87  9:56  Marine  
  87  9:59  Vulture  
  90  10:05  Terran Infantry Weapons Level 1  
  91  10:20  Terran Infantry Armor Level 1  
  91  10:24  Refinery  
  91  10:27  Orbital Command, Refinery, Marine  
  91  10:29  Cerberus Mines  
  91  10:34  Vulture  
  91  10:35  Vulture x2  
  98  10:40  SCV  
  99  10:56  Vulture  
  99  10:57  Vulture  
  103  11:02  Orbital Command  
  103  11:03  SCV  
  104  11:12  Afterburners  
  104  11:19  Vulture x3  
  104  11:27  Marine x2  
  112  11:31  SCV  
  113  11:40  Barracks  
  113  11:43  SCV  
  113  11:45  Marine  
  113  11:47  SCV x2  
  117  12:00  Medic, Marine x2  
  121  12:18  Barracks Reactor  
  121  12:19  SCV x2  
  123  12:28  SCV x2  
  125  12:47  Vulture x3  
  131  13:40  Marine, Supply Depot, Vulture x2  
  131  13:41  Supply Depot  
  131  13:42  Medic, Terran Infantry Weapons Level 2, Terran Infantry Armor Level 2  
  131  13:43  Terran Vehicle and Ship Weapons Level 1, SCV x3  
  131  13:44  Supply Depot  
  141  14:01  Vulture x3  
  147  14:11  Vulture x3  
  153  14:21  Vulture  
  153  14:29  Vulture, Supply Depot  
  155  14:31  Supply Depot  
  155  14:33  Supply Depot  
  155  14:34  Barracks  
  155  14:35  Supply Depot  
  155  14:37  Barracks  
  157  15:25  Barracks Reactor, Barracks Tech Lab  
  157  15:27  Marine x2  
  157  15:28  Concussive Shells, Marine x2  
  157  15:29  Marauder  
  157  15:37  Marine  
  163  15:40  Marine  
  163  15:41  Medic  
  167  15:51  Medic  
  167  15:58  Marine x3  
  172  16:12  Marine x3  
  172  16:13  Marine  
  172  16:15  Medic, Marauder, Marine  
  181  16:25  Medic  
  181  16:26  Supply Depot  
  181  16:28  Supply Depot  
  167  17:07  Marine x2  
  167  17:08  Medic, Marine  
  167  17:09  Medic, Marine x3  
  177  17:27  Marine x2  
  177  17:29  Medic, Marauder  
  183  17:55  Marine x3  
  183  17:56  Medic  
  183  17:57  Medic, Marine x2  
  183  17:58  Marine  
  193  18:40  Terran Infantry Armor Level 3, Terran Infantry Weapons Level 3  
  193  18:42  Terran Vehicle and Ship Weapons Level 2  
  193  19:03  Marine x3  
  193  19:06  Marine x3  
  193  19:08  Marine  
  200  21:52  Terran Vehicle And Ship Armor Level 1  
  200  22:09  Command Center  
  200  22:10  Command Center  
  200  22:12  Command Center  
  200  22:13  Command Center  
  200  22:14  Command Center  
  199  24:17  Orbital Command  
  199  24:18  Orbital Command x4  
Tags
 
Add a new tag
Caveats
  • Supply blocks, unpowered buildings, or Contaminate may cause inaccurate times.
  • Supply counts are checked every 10 seconds.